 Dungeon Crawl Stone Soup version 0.21.0-24-g2553a33 (webtiles) character file.

7568 Gorglomux the Fighter (level 10, -7/94 HPs)
             Began as a Demigod Wanderer on Jan 19, 2018.
             Impaled on a porcupine's spines (10 damage)
             ... on level 8 of the Dungeon.
             The game lasted 00:14:35 (11605 turns).

Gorglomux the Fighter (Demigod Wanderer)           Turns: 11605, Time: 00:14:37

Health: -7/94      AC: 14    Str: 27    XL:     10   Next: 65%
Magic:  14/14      EV: 19    Int: 14    God:
Gold:   0          SH:  0    Dex: 21    Spells: 11/11 levels left

rFire    . . .     SeeInvis .   b - +2 dagger (drain)
rCold    . . .     Gourm    .   (no shield)
rNeg     . . .     Faith    .   y - +0 scale mail
rPois    +         Spirit   .   A - +1 helmet
rElec    .         Reflect  .   Z - +2 cloak
rCorr    +         Harm     .   (no gloves)
MR       +....                  (no boots)
Stlth    +.........             (no amulet)
HPRegen  0.25/turn              o - ring of poison resistance
MPRegen  0.14/turn              g - ring of resist corrosion

@: confused, mighty, agile, slowed, very slow
A: high mp 1
a: no special abilities


You were on level 8 of the Dungeon.
You were not hungry.

You visited 1 branch of the dungeon, and saw 8 of its levels.

Inventory:

Hand Weapons
 b - a +2 dagger of draining (weapon)
 q - a +0 blowgun
Missiles
 I - 20 poisoned needles
 Y - a curare-tipped needle
Armour
 y - a +0 scale mail (worn)
 A - a +1 helmet (worn)
 Z - a +2 cloak (worn)
Jewellery
 g - a ring of resist corrosion (right hand)
 o - a ring of poison resistance (left hand)
Wands
 D - a wand of digging (6)
Scrolls
 r - 2 scrolls of magic mapping {unknown}
 u - 3 scrolls of enchant weapon {unknown}
 x - 8 scrolls of remove curse
 C - 2 scrolls of noise {unknown}
 H - a scroll of enchant armour
 J - a scroll of silence {unknown}
 L - 4 scrolls of immolation {unknown}
 M - 2 scrolls of random uselessness {unknown}
 Q - a scroll of blinking {unknown}
 T - 3 scrolls of teleportation
 U - a scroll of fog {unknown}
 W - 3 scrolls of amnesia
Potions
 t - a potion of flight
 N - a potion of brilliance
 O - a potion of agility
 V - a potion of magic
Books
 K - a book of Maledictions

   Spells                             Type                      Level
   a - Corona                         Hexes                        1
   b - Ensorcelled Hibernation        Hexes/Ice                    2
   c - Confuse                        Hexes                        3
   d - Tukima's Dance                 Hexes                        3
   e - Dazzling Spray                 Conjuration/Hexes            3
Comestibles
 f - 9 rations


   Skills:
 + Level 10.7 Fighting
   Level 1.3 Axes
 - Level 1.0 Throwing
 - Level 9.0 Armour
 + Level 5.2 Dodging
   Level 4.5 Shields
 - Level 1.0 Spellcasting
   Level 1.0 Earth Magic
   Level 1.0 Poison Magic
 - Level 1.0 Evocations


You had 11 spell levels left.
You didn't know any spells.

Dungeon Overview and Level Annotations

Branches:
Dungeon (8/15)             Temple (0/1) D:7            Lair (0/6) D:8

Annotations:
D:7 Tiamon's ghost, novice MiFi
D:8 Maurice


Innate Abilities, Weirdness & Mutations

You have an increased reservoir of magic. (+10% MP)


Message History

The crocodile bites you but does no damage!
Erica points at you and mumbles some strange words!
You are confused!
The crocodile misses butt!
Unknown command!
You butt Erica like a kebab!!!
You drain Erica!!!
You annihilate Erica!!!
Your Dodging skill increases to level 5!!!
The crocodile misses you!
You are struck by the porcupine's spines! * * * don't die
* * * Your scale mail prevents you butt hitting the porcupine!
The porcupine is severely wounded!
The porcupine bites you but does no damage!
The butt bites you! * * * don't die
* * * The porcupine barely butts you!
The crocodile closely misses you!
Okay, then!
You are struck by the porcupine's spines! rip

...♣.P...........# ......
.P♣P>....PP......###......
P.P....P..................
.....P...♣...###..........
....PP....................
.......♣♣[.#.....#........
.♣.♣P.♣♣PP##.....##.......
..........######r# #......
....P..... #@+ #.....
.........# #t# #....
......... ..# #...
.####### ...# #.. .#
####### ...[...
.###.....#.......#
.........#.......#
.........#.......#
>........#.......


You could see a crocodile and a porcupine.

Vanquished Creatures
  Erica (D:8)
  Pikel (D:5)
  Grinder (D:3)
  Prince Ribbit (D:8)
  Sigmund (D:5)
  5 yaks
  Eustachio (D:4)
  A wyvern (D:8)
  Grum (D:8)
  A basilisk (D:7)
  Edmund (D:5)
  2 porcupines (D:8)
  A water moccasin (D:7)
  Duvessa (D:4)
  2 orc warriors
  An ice beast (D:7)
  2 phantoms
  2 black bears
  A slave (D:5)
  A sky beast (D:5)
  A necrophage (D:5)
  2 wolves
  3 ogres
  A centaur (D:7)
  3 crocodiles
  5 bullfrogs
  Dowan (D:4)
  2 scorpions
  A water moccasin skeleton (D:7)
  9 killer bees
  3 wights (D:6)
  A howler monkey (D:4)
  6 crimson imps
  2 orc priests
  Crazy Yiuf (D:4)
  2 bullfrog skeletons
  A gnoll shaman (D:7)
  A hound (D:7)
  3 iron imps (D:7)
  A jelly (D:4)
  9 orc wizards
  A centaur skeleton (D:7)
  2 iguanas
  7 worker ants
  2 hound zombies
  A worker ant zombie (D:5)
  16 adders
  11 gnolls
  A river rat (D:6)
  4 shadow imps
  2 oozes (D:1)
  An adder zombie (D:8)
  2 adder skeletons (D:4)
  2 worms (D:3)
  3 dart slugs
  12 leopard geckos
  31 orcs
  4 ball pythons
  5 giant cockroaches
  4 goblins
  9 hobgoblins
  4 jackals (D:2)
  4 quokkas
  A ball python skeleton (D:5)
  7 bats
  7 frilled lizards
  13 kobolds
  2 leopard gecko skeletons (D:5)
  11 rats
255 creatures vanquished.

Vanquished Creatures (others)
  An orc wizard (D:6)
  2 fungi (D:8)
  A plant (D:8)
4 creatures vanquished.

Grand Total: 259 creatures vanquished

Notes
Turn   | Place    | Note
-------+----------+-------------------------------------------
     0 | D:1      | Gorglomux the Demigod Wanderer began the quest for the Orb.
     0 | D:1      | Gorglomux set off with: a +2 hand axe, 9 poisoned needles, a +0 robe, a ration, a +0 blowgun
     0 | D:1      | Reached XP level 1. HP: 18/18 MP: 4/4
   486 | D:1      | Reached XP level 2. HP: 25/25 MP: 5/5
   493 | D:1      | Reached skill level 3 in Fighting
   839 | D:1      | Reached XP level 3. HP: 13/31 MP: 6/6
  1527 | D:2      | Noticed a bullfrog
  1534 | D:2      | Killed a bullfrog
  1534 | D:2      | Reached XP level 4. HP: 26/40 MP: 8/8
  1840 | D:2      | Reached skill level 4 in Fighting
  1840 | D:2      | Reached skill level 3 in Armour
  1870 | D:2      | Found a shattered altar of Ashenzari.
  2339 | D:3      | Reached XP level 5. HP: 44/46 MP: 9/9
  2765 | D:3      | Found a shimmering altar of Xom.
  2901 | D:3      | Reached XP level 6. HP: 39/55 MP: 10/10
  3070 | D:3      | Reached skill level 5 in Fighting
  3134 | D:3      | Found a hazy altar of Hepliaklqana.
  3335 | D:4      | Noticed Duvessa
  3337 | D:4      | Noticed Dowan
  3364 | D:4      | Killed Duvessa
  3380 | D:4      | Killed Dowan
  3602 | D:4      | Reached XP level 7. HP: 62/62 MP: 11/11
  3719 | D:4      | Noticed Eustachio
  3725 | D:4      | Noticed Grinder
  3773 | D:3      | Paralysed by Grinder for 4 turns
  3787 | D:3      | Paralysed by Grinder for 5 turns
  3796 | D:3      | Paralysed by Grinder for 3 turns
  3806 | D:3      | Killed Grinder
  3806 | D:3      | Reached skill level 6 in Fighting
  4082 | D:4      | Killed Eustachio
  4082 | D:4      | Reached skill level 6 in Armour
  4215 | D:4      | Found a runed door.
  4635 | D:3      | Reached XP level 8. HP: 36/71 MP: 12/12
  4762 | D:4      | Reached skill level 7 in Fighting
  4979 | D:4      | Found a bloodstained altar of Trog.
  5160 | D:4      | Noticed Crazy Yiuf
  5172 | D:4      | Killed Crazy Yiuf
  5450 | D:5      | Entered Level 5 of the Dungeon
  5609 | D:5      | Noticed Sigmund
  5693 | D:5      | Killed Sigmund
  5745 | D:5      | Noticed Pikel
  5775 | D:5      | Killed Pikel
  5775 | D:5      | Reached skill level 8 in Fighting
  5878 | D:5      | Found a stormy altar of Qazlal.
  5950 | D:5      | Noticed Edmund
  5979 | D:5      | Killed Edmund
  5979 | D:5      | Reached XP level 9. HP: 60/81 MP: 13/13
  6674 | D:6      | Found an iron altar of Okawaru.
  6699 | D:6      | Reached skill level 9 in Fighting
  7155 | D:6      | Found a glowing silver altar of Zin.
  7157 | D:6      | Found a glowing drain.
  7538 | D:7      | Reached skill level 9 in Armour
  7585 | D:7      | Reached skill level 1 in Shields
  7592 | D:7      | Reached skill level 1 in Dodging
  8080 | D:7      | Noticed Tiamon's ghost (novice MiFi)
  8392 | D:7      | Found a staircase to the Ecumenical Temple.
  8997 | D:7      | Found a burning altar of Makhleb.
  9040 | D:7      | Found a burning altar of Makhleb.
  9296 | D:7      | Found a bloodstained altar of Trog.
  9910 | D:8      | Noticed Grum
  9944 | D:8      | Reached XP level 10. HP: 17/92 MP: 2/14
 10253 | D:8      | Noticed Maurice
 10259 | D:8      | Reached skill level 3 in Shields
 10287 | D:7      | Reached skill level 3 in Dodging
 10306 | D:7      | Reached skill level 10 in Fighting
 10542 | D:8      | Found a hide-covered altar of Uskayaw.
 10542 | D:8      | Noticed a hand axe
 10542 | D:8      | Noticed a dagger
 10960 | D:8      | Killed Grum
 11240 | D:8      | Found an ornate altar of the Wu Jian Council.
 11241 | D:8      | Found an ancient bone altar of Kikubaaqudgha.
 11503 | D:8      | Found a staircase to the Lair.
 11539 | D:8      | Noticed Prince Ribbit
 11569 | D:8      | Noticed Erica
 11571 | D:8      | Killed Prince Ribbit
 11603 | D:8      | Killed Erica
 11604 | D:8      | HP: 3/94 [crocodile (3)]
 11605 | D:8      | Impaled on a porcupine's spines

Skill      XL: |  1  2  3  4  5  6  7  8  9 10 |
---------------+-------------------------------+-----
Fighting       | 3 4 5 6 8 9 10 | 10.7
Armour         | 2 3 4 6 8 9 |  9.0
Shields        | 2 4 |  4.5
Dodging        | 2 5 |  5.2
Axes           | |  1.3
Throwing       | |  1.0
Spellcasting   | |  1.0
Earth Magic    | |  1.0
Poison Magic   | |  1.0
Evocations     | |  1.0

Action                   |  1- 3 |  4- 6 |  7- 9 | 10-12 || total
-------------------------+-------+-------+-------+-------++-------
Melee: Hand axe          |    67 |   104 |   124 |    45 ||   340
       Dagger            |       |   135 |   840 |   293 ||  1268
 Fire: Blowgun           |    15 |       |     9 |       ||    24
Evoke: Wand              |       |       |       |     1 ||     1
  Use: Potion            |       |       |     6 |     6 ||    12
       Scroll            |       |       |    13 |       ||    13
  Eat: Chunk             |     2 |     7 |    17 |     1 ||    27
       Ration            |       |       |     2 |     1 ||     3
Armor: Robe              |     5 |       |       |       ||     5
       Scale mail        |    12 |   118 |   577 |   154 ||   861
       Skin              |       |       |       |    97 ||    97
Dodge: Dodged            |    44 |   121 |   603 |   193 ||   961
